AoeStats
← [KMNB] Bandeira

Lombardia

508656685Analyzed
2v2 RM · 9d ago on Sep 23, 2026· 14m 47s· 4 players
Game mode
Random Map
Map size
Medium (4 player)
Population
200
Speed
Normal
Resources
Standard
Victory
Conquest
Starting age
Dark Age
Ending age
Imperial Age
RankedLock teamsTeams togetherTeam positionsShared explorationLock speedFull tech treeHidden civsTurbo modeCheats
Victory
Defeat
🇧🇷 Varangians · Brazil
1604
+12
🇧🇷 Magyars · Brazil
1572
+14
🇩🇪 Lithuanians · Germany
1548
-14
🇫🇷 Khmer · France
1500
-12
Baron von Kissalot
10:56 Feudal Age
14:54 Castle Age
13:29 Double-Bit Axe
13:35 Loom
Sunrise1988
11:33 Feudal Age
14:28 Castle Age
12:44 Double-Bit Axe
13:15 Loom
13:18 Horse Collar
[KMNB] Bandeira
6:31 Loom
9:02 Feudal Age
11:10 Double-Bit Axe
Fs.Khronos
4:58 Loom
9:24 Feudal Age
7:45 Loom
9:54 Double-Bit Axe
11:52 Fletching
Connection lost

Rejoining the realm…

Still unreachable

The connection could not be restored.

Session expired

The server has moved on; the page needs a fresh start.